Unix NetHack Version 5.0.0-0 post-release - last build Jun 10 2026 00:39:30 (3ee93aec679c4c4259841fe613dc97188e26a321,branch:main).

Game began 2026-06-17 17:59:21, ended 2026-06-22 17:12:48.

Barrb, neutral female human Barbarian

                                                               ----
                               ----   --            ------    --..---
                   ---        --..| --.|   ---     --.|..--    .....        --
                   |..---     |...---..|   |.-------......------..--        *
                   |....---  --........|----...............*.......|       ..
                   ---....---|........-|......----...<.))).%.......-----   ..
                -------......|......-.|-%------  |......*...........|..|   .-
              -....^..|...............|%.|       ------................| --.--
               ------...................--            --.%............-|--@..--
                    ------.............--             --..--.--.|......--.'...|
                         -.....---.....|            ---...|---------.........--
                        |......| --....-         ----.....|        |.........|
                        --.....-  ..--...       --........---      ----...----
                         .......  -----..-      |...........-         --.--
                        ........-      ...      |............-         ---
                       |.........       ...     --............|
                       ---........      ..--     ----.--......|
                         --.......-     ---         ------.----
                           ........                       --
                          -.|.------
                          -----
Barrb the Bandit           St:18/01 Dx:15 Co:18 In:7 Wi:11 Ch:6  Neutral
Dlvl:10 $:345 HP:0(84) Pw:28(28) AC:4  Xp:8 T:6590  Stressed

Latest messages:
 The gnome picks up a black gem.
 The gnome lord picks up a crossbow.
 There are several objects here.
 The gnome picks up 8 darts.
 You have trouble lifting $ - 30 gold pieces (345 in total).
 M - 2 food rations (5 in total).
 You kill the gnome lord!
 You kill the gnome!
 You have trouble lifting R - 8 darts.
 Idefix picks up a dart.
 Idefix eats a gnome corpse.
 There is a candy bar here; eat it? [ynq] (n) y
 This candy bar is delicious!
 You kill the gnome!
 Idefix drops a dart.
 Idefix picks up a dart.
 You kill the gnome!
 You kill the gnome!
 The gnome wields an aklys!
 The gnome secures the tether on the aklys.
 You kill the gnome!
 There are several objects here.
 You have trouble lifting S - a magenta potion.
 T - a bag.
 What do you want to use or apply? [bhik-osvAFGIKLT or ?*] T
 Your bag is empty.
 You kill the gnome!
 You see here a tin.
 There is a tin here; eat it? [ynq] (n) y
 It is not so easy to open this tin.
 You succeed in opening the tin.
 It smells like giant bats.
 Eat it? [yn] (n) n
 You discard the open tin.
 You materialize in a different location!
 You see here a statue of a clay golem.
 The statue moves!
 You smite the clay golem!
 The clay golem hits!
 You miss the clay golem.
 The clay golem hits!
 You smite the clay golem!
 The clay golem hits!
 You miss the clay golem.
 The clay golem hits!
 You don't have enough stamina to move.
 You smite the clay golem!
 The clay golem hits!
 You die...
 Do you want your possessions identified? [ynq] (y) q

Inventory:
 Coins    ('$')
  $ - 345 gold pieces
 Weapons  (')')
  R - 8 blessed +1 darts
  q - 41 +0 darts
  e - 6 +0 shuriken (at the ready)
  b - a +0 axe (alternate weapon; not wielded)
  k - the rustproof +1 Cleaver (weapon in hands)
 Armor    ('[')
  Q - an uncursed +0 dwarvish iron helm
  C - an uncursed +0 orcish helm (being worn)
  H - an uncursed +0 pair of leather gloves (being worn)
  y - an uncursed +0 pair of speed boots (being worn)
  u - an uncursed +0 dwarvish cloak (being worn)
  c - an uncursed greased +0 ring mail (being worn)
 Comestibles  ('%')
  M - 5 uncursed food rations
  j - 4 uncursed tripe rations
 Scrolls  ('?')
  r - an uncursed scroll of blank paper
  z - an uncursed scroll of food detection
  O - an uncursed scroll of scare monster
  a - 2 uncursed scrolls of teleportation
 Potions  ('!')
  D - 5 uncursed potions of healing
  S - an uncursed potion of restore ability
 Rings    ('=')
  f - an uncursed +1 ring of increase damage
  E - an uncursed ring of teleport control
 Wands    ('/')
  G - a wand of cold (0:7)
  I - a wand of magic missile (0:7)
  l - a wand of magic missile (0:4)
  v - a wand of slow monster (0:0)
  K - a wand of speed monster (0:7)
  h - a wand of teleportation (0:5)
 Tools    ('(')
  T - an empty uncursed oilskin sack
  i - an empty uncursed sack
  m - an empty uncursed sack
  L - an uncursed sack containing 8 items
  n - an uncursed wooden flute
  o - an uncursed leash
  s - an uncursed lock pick
  F - an uncursed tin whistle
  A - a cursed towel
 Gems/Stones  ('*')
  t - 2 uncursed turquoise stones
  J - an uncursed worthless piece of black glass
  p - an uncursed worthless piece of green glass
  P - an uncursed worthless piece of orange glass
  B - 4 uncursed worthless pieces of red glass
  g - an uncursed worthless piece of violet glass
  w - an uncursed worthless piece of white glass

Contents of the sack:
  3183 gold pieces
  9 +0 darts
  a +0 two-handed sword
  5 cursed food rations
  an uncursed potion of water
  a can of grease (0:20)
  a +0 pick-axe
  a cursed tinning kit (0:36)

Barrb the Barbarian's attributes:

Background:
 You were a Bandit, a level 8 female human Barbarian.
 You were neutral, on a mission for Crom
 who was opposed by Mitra (lawful) and Set (chaotic).
 You were right-handed.
 You were in the Gnomish Mines, on level 10.
 You entered the dungeon 6590 turns ago.
 You had 1546 experience points, 1014 more were needed to attain level 9.

Basics:
 You had 0 out of 84 hit points.
 You had all 28 energy points (spell power).
 Your armor class was 4.
 Your wallet contained 345 zorkmids, and
 you had 3183 more stashed away in your pack.
 Autopickup was off.

Final Characteristics:
 Your strength was 18/01 (limit:18/100).
 Your dexterity was 15 (peak:16, limit:18).
 Your constitution was 18 (limit:18).
 Your intelligence was 7 (limit:18).
 Your wisdom was 11 (limit:18).
 Your charisma was 6 (limit:18).

Final Status:
 You weren't hungry.
 You were stressed; movement was moderately slowed.
 You were wielding an axe.
 You were skilled in axe.

Final Attributes:
 You were piously aligned.
 Your items were somewhat protected from fire.
 Your items were somewhat protected from cold.
 You were poison resistant.
 You were telepathic.
 You were warded.
 You were very fast.
 You are dead.

Miscellaneous:
 You encountered 1 bones level.
 Total elapsed playing time was 3 hours, 58 minutes and 26 seconds.

Major events:
 Turn
    1: Barrb the neutral female human Barbarian entered the dungeon
 1423: entered the Gnomish Mines
 1672: attained the rank of Pillager (level 3)
 2728: was bestowed with Cleaver by Crom
 3529: attained the rank of Bandit (level 6)
 5505: reached Mine Town
 6590: killed by a clay golem

You didn't know any spells.

Skills:
 Fighting Skills
   bare handed combat [Basic]
   two weapon combat  [Unskilled]
   riding             [Unskilled]
 Weapon Skills
   dagger             [Unskilled]
   axe                [Skilled]
   pick-axe           [Unskilled]
   short sword        [Unskilled]
   broadsword         [Unskilled]
   long sword         [Unskilled]
   two-handed sword   [Basic]
   saber              [Unskilled]
   club               [Unskilled]
   mace               [Unskilled]
   morning star       [Unskilled]
   flail              [Unskilled]
   hammer             [Unskilled]
   quarterstaff       [Unskilled]
   spear              [Unskilled]
   trident            [Unskilled]
   bow                [Unskilled]
 Spellcasting Skills
   attack spells      [Unskilled]
   escape spells      [Unskilled]

Voluntary challenges:
 Character rerolling was not enabled.
 You never genocided any monsters.
 You never polymorphed an object.
 You never changed form.
 You used no wishes.
Achievements:
 You entered a shop.
 You entered the Gnomish Mines.
 You attained the rank of Pillager.
 You attained the rank of Bandit.
 You entered Minetown.
 You entered a temple.

 The Dungeons of Doom: levels 1 to 6
    Level 1:
    Level 2:
       A general store.
    Level 3:
       A tool shop, a grave.
    Level 4:
       A weapon shop, some fountains.
       Stairs down to The Gnomish Mines.
    Level 5:
       An altar to Crom.
    Level 6:
 The Gnomish Mines: levels 5 to 10
    Level 5:
       A grave.
       Final resting place for
          LDaviesPeters-Arc-Hum-Fem-Law, killed by an arrow.
    Level 6:
    Level 7:
    Level 8:
       Many shops, a temple and an altar to Crom, a fountain.
    Level 9:
    Level 10: <- You were here.
       Final resting place for
          you, killed by a clay golem.


Vanquished creatures:
  2 ghosts
 an ettin zombie
  2 watchmen
  a lynx
  a giant spider
  a black light
  a gnome ruler
  2 gold golems
  a dingo
  a wood nymph
  a mountain nymph
  8 Mordor orcs
  a rock piercer
  2 rock moles
  a fog cloud
  a yellow light
  8 gnome leaders
  2 gnomish wizards
  2 elf zombies
  a straw golem
  3 giant ants
  a little dog
  4 floating eyes
 13 dwarves
  3 hill orcs
  a rothe
  a giant bat
  2 orc zombies
  a wererat
  2 werejackals
  4 iguanas
 an acid blob
  a coyote
  2 gas spores
  4 hobbits
  a manes
  a large kobold
  2 hobgoblins
  6 giant rats
  3 yellow molds
  2 green molds
  a red mold
 41 gnomes
  a garter snake
  2 gnome zombies
  6 geckos
  7 jackals
  a fox
  a kobold
  3 goblins
  3 sewer rats
 16 grid bugs
  2 bats
  2 lichens
  4 kobold zombies
  8 newts
196 creatures vanquished.

No species were genocided or became extinct.

Game over:
                       ----------
                      /          \
                     /    REST    \
                    /      IN      \
                   /     PEACE      \
                  /                  \
                  |      Barrb       |
                  |     3528 Au      |
                  | killed by a clay |
                  |      golem       |
                  |                  |
                  |                  |
                  |       2026       |
                 *|     *  *  *      | *
        _________)/\\_//(\/(/\)/\//\/|_)_______

Goodbye Barrb the Barbarian...

You died in The Gnomish Mines on dungeon level 10 with 9960 points,
and 3528 pieces of gold, after 6590 moves.
You were level 8 with a maximum of 84 hit points when you died.

